 Dungeon Crawl Stone Soup version 0.29-a0-283-ga02f740833 (webtiles) character file.

Game seed: 608620724191867737

204 sammy202020 the Covered (level 5, -7/47 HPs)
             Began as a Minotaur Fighter on Mar 14, 2022.
             Mangled by Edmund
             ... wielding a +0 vorpal dire flail
              (9 damage)
             ... on level 4 of the Dungeon.
             The game lasted 00:03:49 (2946 turns).

sammy202020 the Covered (Minotaur Fighter)          Turns: 2946, Time: 00:03:50

Health: -7/47      AC:  8    Str: 20    XL:     5   Next: 52%
Magic:  4/4        EV: 13    Int:  7    God:
Gold:   204        SH:  4    Dex: 10    Spells: 4/4 levels left

rFire   . . .      SeeInvis .   a - +0 war axe
rCold   . . .      Faith    .   c - +0 buckler
rNeg    . . .      Spirit   .   b - +0 scale mail
rPois   .          Reflect  .   (helmet restricted)
rElec   .          Harm     .   (no cloak)
rCorr   .          Rampage  .   (no gloves)
Will    .....                   n - +0 pair of boots
Stlth   ..........              (no amulet)
HPRegen 0.15/turn               f - +4 ring of evasion
MPRegen 0.09/turn               (no ring)

@: mighty
A: horns 2, retaliatory headbutt
a: no special abilities


You were on level 4 of the Dungeon.
You visited 1 branch of the dungeon, and saw 4 of its levels.

You collected 204 gold pieces.

Inventory:

Hand Weapons
 a - a +0 war axe (weapon)
Armour
 b - a +0 scale mail (worn)
 c - a +0 buckler (worn)
 n - a +0 pair of boots (worn)
Jewellery
 f - a +4 ring of evasion (left hand)
 k - a ring of protection from cold
 r - an amulet of magic regeneration
Wands
 l - a wand of flame (9)
Scrolls
 e - a scroll of identify {unknown}
Potions
 g - a potion of lignification {unknown}
 h - 2 potions of attraction {unknown}
 i - 2 potions of resistance {unknown}
 j - 2 potions of heal wounds {unknown}
 p - a potion of curing {unknown}
 q - 2 potions of flight {unknown}


   Skills:
 * Level 4.7 Fighting
 * Level 3.9 Axes
 * Level 4.8 Armour
 + Level 1.8 Dodging
 * Level 4.7 Shields


You had 4 spell levels left.
You didn't know any spells.
Your spell library contained the following spells:

 Spells                   Type           Power      Damage    Failure   Level
 Animate Skeleton         Necr           0%         N/A       86%         1
 Apportation              Tloc           0%         N/A       86%         1
 Summon Small Mammal      Summ           0%         N/A       86%         1


Dungeon Overview and Level Annotations

Branches:
Dungeon (4/15)
 Temple: D:4-7

Altars:
Elyvilon
The Shining One

Annotations:
D:4 Edmund


Innate Abilities, Weirdness & Mutations

You have a pair of horns on your head.
You reflexively headbutt those who attack you in melee.


Message History

You now have 183 gold pieces (gained 15).
You see here a +0 club.
There is a shaft here.
You now have 193 gold pieces (gained 10).
j - 2 sapphire potions (gained 1)
Things that are here:
a +0 club; a goblin corpse You now have 204 gold pieces (gained 11).
Edmund the Younger comes into view.
He is wielding a +0 vorpal dire flail.
Edmund shouts!
Edmund drinks a potion.
Edmund flickers and vanishes!
Deactivating autopickup; reactivate with Ctrl-A.
No target in view!
No target in view!
No target in view!
No target in view!
No target in view!
No target in view!
No target in view!
No target in view!
No target in view!
No target in view!
No target in view!
No target in view!
You hear the slow hiss of an avalanche of sand nearby.
Something hits you but does no damage. Something hits you but does no damage.
You slash something! Your headbutt misses something. Something hits you.
You closely miss something. Something hits you!
You barely miss something. Your headbutt misses something. Something hits you.
Something hits you!
You barely miss something. Something hits you.
* * * LOW HITPOINT WARNING * * *
x2 You barely miss something.
Something hits you but does no damage.
Sorry, you're not good enough to have a special ability.
You feel very mighty all of a sudden. Something hits you.
* * * LOW HITPOINT WARNING * * *
x2 You barely miss something.
Something hits you!
You die...

...............#
...............#
...............#
...............#
...............#
...............########
......................#
......................#
...............{@.....#
...######.............#
...# #.............#
...# #.............#
...# ###############
...# ...# ...# ...#


There were no monsters in sight!

Vanquished Creatures
  Natasha (thrice) (D:3)
  An iguana (D:4)
  3 adders (D:3)
  An ufetubus (D:4)
  3 dart slugs
  An orc (D:3)
  6 endoplasms
  5 giant cockroaches
  4 goblins
  7 hobgoblins
  6 jackals (D:3)
  2 quokkas
  3 ball pythons
  5 bats
  5 frilled lizards
  10 kobolds
  4 rats
69 creatures vanquished.

Notes
Turn   | Place    | Note
-------+----------+-------------------------------------------
     0 | D:1      | sammy202020 the Minotaur Fighter began the quest for the
                  | Orb.
     0 | D:1      | Reached XP level 1. HP: 19/19 MP: 0/0
   424 | D:1      | Reached XP level 2. HP: 27/27 MP: 1/1
   479 | D:1      | Found a faded altar of an unknown god.
  1250 | D:1      | Reached XP level 3. HP: 31/33 MP: 2/2
  1986 | D:3      | Noticed Natasha
  1988 | D:3      | Killed Natasha
  1989 | D:3      | Reached skill level 1 in Dodging
  1989 | D:3      | Reached XP level 4. HP: 40/40 MP: 3/3
  2088 | D:3      | Found a white marble altar of Elyvilon.
  2095 | D:3      | Noticed Natasha
  2104 | D:3      | Killed Natasha
  2109 | D:3      | Noticed Natasha
  2115 | D:3      | Killed Natasha
  2215 | D:3      | Reached XP level 5. HP: 47/47 MP: 4/4
  2666 | D:3      | Found a glowing golden altar of the Shining One.
  2933 | D:4      | Noticed Edmund
  2945 | D:4      | HP: 2/47 [something (1)]
  2946 | D:4      | Mangled by Edmund

Illustrated notes

Levels and vault maps discovered:
D:1:      dpeg_arrival_snail, layout_basic, shapermc_ecumenical_altar_acropolis,
          serial_forest, infiniplex_forest_end_2,
          infiniplex_forest_lined_corner, infiniplex_forest_fountain,
          infiniplex_forest_end_2, infiniplex_forest_diagonal,
          infiniplex_forest_end_2, infiniplex_forest_lined_room_,
          kennysheep_pointless_box
D:2:      layout_rooms
D:3:      layout_loops_cross, amcnicky_altar_gilded, tso_altar, uniq_natasha
D:4:      layout_basic, serial_corexii_hall, chequers_hall_statues_wall_a,
          corexii_hall_statues_deadend, nicolae_ossuary_entry_catacombs,
          uniq_robin, uniq_edmund

Skill      XL: |  1  2  3 |
---------------+----------+-----
Armour         | 4 |  4.8
Fighting       | 4 |  4.7
Shields        | 4 |  4.7
Axes           | 3 |  3.9
Dodging        | 1 |  1.8

Action                   |  1- 3 |  4- 6 || total
-------------------------+-------+-------++-------
Melee: War axe           |    71 |    62 ||   133
       Headbutt          |     3 |     8 ||    11
  Use: Scroll            |     4 |       ||     4
       Potion            |       |     1 ||     1
Armor: Scale mail        |    33 |    27 ||    60
Dodge: Dodged            |    40 |    37 ||    77
Block: Buckler           |    23 |    18 ||    41

Table legend: (Time is in decaauts)
 A = Elapsed time spent in this place.
 B = Non-inter-level travel time spent in this place.
 C = Inter-level travel time spent in this place.
 D = Time resting spent in this place.
 E = Time spent auto-exploring this place.
 F = Levels seen in this place.
 G = Mean time per level.
                   A        B        C        D        E       F      G
               +--------+--------+--------+--------+--------+-----+--------+
         Total |   3014 |   2960 |     54 |      0 |   2348 |   4 |  753.5 |
       Dungeon |   3014 |   2960 |     54 |      0 |   2348 |   4 |  753.5 |
               +--------+--------+--------+--------+--------+-----+--------+

Top non-repeatable levels by time:
     D:1: 1421 daAuts
     D:3: 784 daAuts
     D:2: 593 daAuts
     D:4: 215 daAuts
